 Dungeon Crawl Stone Soup version 0.30-a0-358-g0d69a1922f (webtiles) character file.

Game seed: 7444334146670527624

6510 hikkokomori the Destroyer (level 10, -2/80 HPs)
             Began as a Pale Draconian Conjurer on Nov 9, 2022.
             Was a Follower of Vehumet.
             Engulfed by a cloud of flame (20 damage)
             ... on level 10 of the Dungeon.
             The game lasted 00:27:20 (11212 turns).

hikkokomori the Destroyer (DrCj)                   Turns: 11212, Time: 00:27:20

Health: -2/80      AC: 10    Str: 10    XL:     10   Next: 69%
Magic:  7/22       EV: 30    Int: 22    God:    Vehumet [*.....]
Gold:   462        SH:  4    Dex: 10    Spells: 11/25 levels left

rFire   . . .      SeeInvis .    b - +1 dagger (venom)
rCold   . . .      Faith    .    e - +0 buckler
rNeg    . . .      Spirit   .    (body armour unavailable)
rPois   .          Reflect  .    t - +0 hat
rElec   .          Harm     .    (no cloak)
rCorr   .          Rampage  .    O - +2 pair of gloves
Will    .....                    (no boots)
Stlth   ++........               B - amulet of the acrobat
HPRegen 0.33/turn                g - +4 ring of evasion
MPRegen 0.18/turn                h - ring of wizardry

@: acrobatic
A: breathe steam, AC +7, unfitting armour, cold-blooded, steam resistance
a: Breathe Steam, Renounce Religion


You were on level 10 of the Dungeon.
You worshipped Vehumet.
Vehumet was aware of your devotion.
You visited 2 branches of the dungeon, and saw 11 of its levels.

You collected 462 gold pieces.

Inventory:

Hand Weapons
 b - a +1 dagger of venom (weapon)
 y - a +0 broad axe
 J - a +4 shortbow
 M - a +2 dagger of speed
Missiles
 w - 10 curare-tipped darts
 K - a throwing net
Armour
 e - a +0 buckler (worn)
 t - a +0 hat (worn)
 O - a +2 pair of gloves (worn)
Jewellery
 g - a +4 ring of evasion (left hand)
 h - a ring of wizardry (right hand)
 s - a +6 ring of intelligence
 B - an amulet of the acrobat (around neck)
 H - a +6 ring of intelligence
Wands
 l - a wand of light (6)
 E - a wand of flame (17)
 F - a wand of polymorph (15)
Scrolls
 d - a scroll of magic mapping {unknown}
 f - 2 scrolls of enchant weapon {unknown}
 k - a scroll of blinking {unknown}
 m - 2 scrolls of amnesia {unknown}
 n - 4 scrolls of vulnerability
 p - 3 scrolls of teleportation
 u - 2 scrolls of fear {unknown}
 z - a scroll of silence {unknown}
 L - a scroll of enchant armour {unknown}
 N - a scroll of identify
Potions
 a - a potion of magic
 c - a potion of lignification
 i - 3 potions of haste
 j - 2 potions of mutation
 o - a potion of resistance {unknown}
 q - 3 potions of flight
 r - 3 potions of might
 v - 3 potions of brilliance {unknown}
 x - 2 potions of cancellation {unknown}
 A - a potion of heal wounds {unknown}
 C - a potion of attraction {unknown}
 D - 2 potions of degeneration {unknown}
 G - a potion of curing {unknown}


   Skills:
 + Level 4.7 Fighting
 - Level 1.7 Dodging
 - Level 1.7 Stealth
 + Level 4.2 Shields
 - Level 8.0 Spellcasting
 + Level 10.5 Conjurations
 + Level 7.2 Hexes


You had 11 spell levels left.
You knew the following spells:

 Your Spells              Type           Power      Damage    Failure   Level
a - Magic Dart            Conj           100%       1d8       1%          1
b - Searing Ray           Conj           100%       2d8       1%          2
c - Fulminant Prism       Conj/Hex       23%        3d12      1%          4
d - Iskenderun's Mystic   Conj/Tloc      31%        2d8       4%          4
e - Confusing Touch       Hex            40%        N/A       1%          3

Your spell library contained the following spells:

 Spells                   Type           Power      Damage    Failure   Level
 Freeze                   Ice            32%        1d5       4%          1
 Slow                     Hex            100%       N/A       1%          1
 Dazzling Flash           Conj/Hex       94%        N/A       1%          3
 Vampiric Draining        Necr           8%         2d6       12%         3


Dungeon Overview and Level Annotations

Branches:
Dungeon (10/15)            Temple (1/1) D:7
   Lair: D:8-11         Orc: D:9-12

Altars:
Ashenzari
Cheibriados
Dithmenos
Elyvilon
Fedhas
Gozag
Hepliaklqana
Kikubaaqudgha
Makhleb
Nemelex Xobeh
Okawaru
Qazlal
Ru
Sif Muna
Trog
Uskayaw
Vehumet
Xom
Yredelemnul
Zin
The Shining One

Annotations:
D:4 1 runed translucent door, avis's ghost, amateur DgIE
D:9 Amaemon


Innate Abilities, Weirdness & Mutations

You can breathe blasts of scalding, opaque steam.
Your pale cyan-grey scales are hard. (AC +7)
You cannot fit into any form of body armour.
You are cold-blooded and may be slowed by cold attacks.
You are immune to the effects of steam.


Message History

Aiming: Fulminant Prism (mildly dangerous; 1% risk of failure)
Press: ? - help, Dir - move target You conjure a prism of explosive energy!
A fulminant prism comes into view.
The fire crab bites your fulminant prism but does no damage.
The fire crab claws your fulminant prism!
Your fulminant prism is engulfed in flames.
Your fulminant prism resists.
Casting: Fulminant Prism (mildly dangerous; 1% risk of failure)
Confirm with . or Enter, or press ? or * to list all spells.
Aiming: Fulminant Prism (mildly dangerous; 1% risk of failure)
Press: ? - help, Dir - move target You conjure a prism of explosive energy!
A fulminant prism comes into view.
The fire crab bites your fulminant prism.
Your fulminant prism is engulfed in flames.
Your fulminant prism resists.
Your fulminant prism detonates feebly.
Unknown command.
Aiming: Bolt of Light
Press: ? - help, Shift-Dir - straight line, f - fire crab
Aim: a fire crab (heavily wounded, ally target, 86% to hit)
The bolt of light hits the fire crab.
The fire crab is heavily wounded.
The fire crab is blinded.
The fire crab breathes flames at you.
The blast of flame engulfs you but does no damage.
Your fulminant prism crackles loudly.
You are engulfed in blazing flames.
* * * LOW HITPOINT WARNING * * *
The fire crab breathes flames at you. The blast of flame misses you.
Your fulminant prism explodes!
The blast of energy engulfs the fire crab!!
You kill the fire crab!
Vehumet accepts your kill.
You feel your power returning.
Your Shields skill increases to level 4!
You are engulfed in blazing flames.
You die...

#....).........#
#..............#
#..............#
#..............# .
#....#.....†##########..
#....#..................
#....#.......○..[.......
#....#........[°°.......
#....#........°@°.......
#....#........°°°.......
..§..#..................
#..................
#.....#########+###
#..... +..... ..


There were no monsters in sight!

Vanquished Creatures
  Snorg (D:10)
  Erolcha (D:10)
  A fire crab (D:10)
  5 yaks
  A vampire (D:7)
  Eustachio (D:6)
  Grum (D:9)
  A steam dragon (D:7)
  2 water moccasins
  3 sky beasts
  2 black bears
  4 wolves (D:9)
  3 centaurs
  2 phantoms
  Blork the orc (D:5)
  2 bullfrogs
  A kobold brigand (D:9)
  A necrophage (D:7)
  4 scorpions
  4 wights (D:7)
  3 killer bees (D:9)
  4 howler monkeys
  3 orc priests
  5 hounds
  2 jellies
  3 gnoll boudas
  3 iguanas
  6 orc wizards
  18 gnolls
  8 adders
  2 shadow imps
  A white imp (D:8)
  3 ufetubi
  2 worms (D:2)
  30 orcs
  7 ball pythons
  7 endoplasms
  3 giant cockroaches
  7 hobgoblins
  10 kobolds
  4 quokkas
  5 bats
  5 frilled lizards
  7 goblins
  5 rats
  A fulminant prism (D:10)
195 creatures vanquished.

Vanquished Creatures (others)
  76 fulminant prisms
  3 fungi (D:6)
  9 plants
88 creatures vanquished.

Grand Total: 283 creatures vanquished

Notes
Turn   | Place    | Note
-------+----------+-------------------------------------------
     0 | D:1      | hikkokomori the Draconian Conjurer began the quest for the
                  | Orb.
     0 | D:1      | Reached XP level 1. HP: 14/14 MP: 3/3
   430 | D:1      | Reached XP level 2. HP: 20/20 MP: 0/5
  1389 | D:2      | Reached XP level 3. HP: 24/26 MP: 0/7
  2348 | D:2      | Learned a level 2 spell: Searing Ray
  2367 | D:3      | Found a glowing golden altar of the Shining One.
  2715 | D:3      | Noticed a scorpion
  2721 | D:3      | Killed a scorpion
  2722 | D:3      | Reached skill level 5 in Conjurations
  2722 | D:3      | Reached XP level 4. HP: 33/33 MP: 3/9
  3038 | D:3      | Reached XP level 5. HP: 38/38 MP: 6/10
  3546 | D:3      | Found a hazy altar of Hepliaklqana.
  4250 | D:4      | Reached XP level 6. HP: 45/45 MP: 5/12
  4255 | D:4      | Reached skill level 6 in Conjurations
  4688 | D:4      | Found a runed translucent door.
  4690 | D:4      | Noticed avis's ghost (amateur DgIE)
  4818 | D:4      | Learned a level 4 spell: Fulminant Prism
  4823 | D:4      | Learned a level 4 spell: Iskenderun's Mystic Blast
  5099 | D:5      | Entered Level 5 of the Dungeon
  5142 | D:5      | Found a sacrificial altar of Ru.
  5190 | D:5      | Reached skill level 1 in Hexes
  5191 | D:5      | Noticed a water moccasin
  5213 | D:5      | Killed a water moccasin
  5214 | D:5      | Reached skill level 5 in Spellcasting
  5214 | D:5      | Your scales start taking on a pale cyan-grey colour.
  5214 | D:5      | Reached XP level 7. HP: 45/50 MP: 3/14
  5214 | D:5      | Gained mutation: You are immune to the effects of steam.
                  | [Pale Draconian growth]
  5369 | D:5      | Noticed Blork the orc
  5375 | D:5      | Killed Blork the orc
  5677 | D:5      | Reached skill level 7 in Conjurations
  6474 | D:6      | Reached XP level 8. HP: 57/57 MP: 11/16
  7035 | D:6      | Reached skill level 8 in Conjurations
  7129 | D:6      | Learned a level 3 spell: Confusing Touch
  7552 | D:6      | Noticed Eustachio
  7567 | D:6      | Killed Eustachio
  7568 | D:6      | Reached XP level 9. HP: 56/62 MP: 17/19
  8296 | D:6      | Reached skill level 5 in Hexes
  8425 | D:7      | Reached skill level 9 in Conjurations
  8464 | D:7      | Found a staircase to the Ecumenical Temple.
  8953 | D:7      | Found a burning altar of Makhleb.
  9008 | D:7      | Identified the +5 war axe of Truth {vamp, SInv}
  9082 | Temple   | Entered the Ecumenical Temple
  9187 | Temple   | Became a worshipper of Vehumet
  9425 | D:7      | Reached skill level 1 in Fighting
  9425 | D:7      | Reached skill level 1 in Shields
 10252 | D:8      | Reached XP level 10. HP: 73/73 MP: 17/22
 10347 | D:8      | Reached * piety under Vehumet
 10347 | D:8      | Offered knowledge of Freeze by Vehumet.
 10377 | D:8      | Found an opulent altar of Gozag.
 10578 | D:9      | Noticed Grum
 10584 | D:9      | Killed Grum
 10853 | D:9      | Noticed an orange demon
 10853 | D:9      | Noticed Amaemon
 10856 | D:9      | Noticed a two-headed ogre
 10884 | D:10     | Entered Level 10 of the Dungeon
 10927 | D:10     | Noticed Erolcha
 10946 | D:10     | Killed Erolcha
 10947 | D:10     | Reached skill level 10 in Conjurations
 11064 | D:10     | Noticed Snorg
 11079 | D:10     | Killed Snorg
 11135 | D:10     | Noticed a fire crab
 11211 | D:10     | Killed a fire crab
 11212 | D:10     | Engulfed by a cloud of flame

Illustrated notes

Levels and vault maps discovered:
D:1:      minmay_arrival_widening_spiral_narrow, layout_loops_ring
D:2:      layout_basic, lexackson_kobold_supper
D:3:      minmay_spotlight, layout_basic, mainiacjoe_overflow_large_starburst,
          chequers_jeans, grunt_ministairs_12, palyth_stone_intersect
D:4:      layout_layer_cave, hellmonk_ghost_happy_afterlife
D:5:      layout_loops_corners, mainiacjoe_overflow_six_doors_small,
          minmay_misc_feat_plants, kennysheep_generic_room_8, uniq_blork_the_orc
D:6:      layout_loops_corners, serial_aquarium, aquarium_bridge_long_separate
          [aquarium_subvault_window, aquarium_subvault_window,
          aquarium_subvault_bridge, aquarium_subvault_bridge,
          aquarium_subvault_wall, aquarium_subvault_bridge],
          aquarium_bridge_square [aquarium_subvault_window,
          aquarium_subvault_wall, aquarium_subvault_bridge,
          aquarium_subvault_bridge], aquarium_window_fake, aquarium_window_2,
          aquarium_window_corridor_1, aquarium_window_1, aquarium_view_2a,
          aquarium_view_2f, aquarium_pool_five, uniq_eustachio
D:7:      layout_cave_pods, nicolae_overflow_crystal_walls,
          minmay_temple_entry_water_ring
D:8:      layout_gridville, grunt_gozag_breadcrumbs, nicolae_figureground_pulse
D:9:      layout_roguey, mainiacjoe_overflow_cross_hatched, uniq_amaemon,
          uniq_grum
D:10:     layout_grid_maze, minmay_lair_entry_lava, minivault_13, uniq_erolcha,
          uniq_snorg, uniq_psyche
Temple:   nicolae_temple_slightly_damp_pantheon

Skill      XL: |  1  2  3  4  5  6  7  8  9 10 |
---------------+-------------------------------+-----
Spellcasting   | 3 4 5 7 8 |  8.0
Conjurations   | 5 6 7 8 9 10 | 10.5
Hexes          | 1 3 4 6 7 |  7.2
Fighting       | 2 4 |  4.7
Shields        | 1 4 |  4.2
Dodging        | |  1.7
Stealth        | |  1.7

Action                   |  1- 3 |  4- 6 |  7- 9 | 10-12 || total
-------------------------+-------+-------+-------+-------++-------
Melee: Dagger            |    18 |     9 |   141 |    20 ||   188
       Tailslap          |     4 |     1 |    20 |     1 ||    26
       Punch             |       |       |     2 |       ||     2
Throw: Dart              |       |       |     2 |       ||     2
 Cast: Magic Dart        |    80 |    90 |    25 |       ||   195
       Searing Ray       |     1 |     2 |     1 |     1 ||     5
       Fulminant Prism   |       |     2 |    53 |    22 ||    77
       Confusing Touch   |       |       |     2 |     1 ||     3
       Iskenderun's Myst |       |       |     1 |       ||     1
 Abil: Breathe Steam     |       |       |    14 |     1 ||    15
Evoke: Wand              |       |     1 |       |     2 ||     3
  Use: Scroll            |       |       |     7 |     1 ||     8
       Potion            |       |       |     1 |       ||     1
 Stab: Sleeping          |       |       |     1 |       ||     1
       Confused          |       |       |       |     1 ||     1
Armor: Skin              |     5 |     6 |    47 |    11 ||    69
Dodge: Dodged            |     9 |    26 |   123 |    19 ||   177
Block: Buckler           |       |       |     7 |     6 ||    13

Table legend: (Time is in decaauts)
 A = Elapsed time spent in this place.
 B = Non-inter-level travel time spent in this place.
 C = Inter-level travel time spent in this place.
 D = Time resting spent in this place.
 E = Time spent auto-exploring this place.
 F = Levels seen in this place.
 G = Mean time per level.
                   A        B        C        D        E       F      G
               +--------+--------+--------+--------+--------+-----+--------+
         Total |  11222 |  10711 |    511 |   1050 |   8368 |  11 | 1020.2 |
       Dungeon |  11020 |  10540 |    480 |   1050 |   8215 |  10 | 1102.0 |
        Temple |    201 |    170 |     31 |      0 |    153 |   1 |  201.0 |
               +--------+--------+--------+--------+--------+-----+--------+

Top non-repeatable levels by time:
     D:6: 1719 daAuts
     D:7: 1489 daAuts
     D:5: 1366 daAuts
     D:2: 1362 daAuts
     D:4: 1361 daAuts
     D:3: 1284 daAuts
     D:1: 1090 daAuts
     D:8: 661 daAuts
     D:9: 530 daAuts
  Temple: 201 daAuts
    D:10: 154 daAuts
